 Dungeon Crawl Stone Soup version 0.27.1-3-gb3d3a73c9e (webtiles) character file.

Game seed: 14394255670284601788

128 Descartes the Ruffian (level 4, 0/42 HPs)
             Began as a Troll Warper on Oct 29, 2021.
             Was an Initiate of Ru.
             Slain by Crazy Yiuf (15 damage)
             ... on level 3 of the Dungeon.
             The game lasted 00:03:44 (1879 turns).

Descartes the Ruffian (Troll Warper)                Turns: 1879, Time: 00:03:45

Health: 0/42       AC:  4    Str: 19    XL:     4   Next: 86%
Magic:  0/5        EV: 10    Int: 10    God:    Ru [......]
Gold:   137        SH:  0    Dex:  9    Spells: 6/6 levels left

rFire    . . .     SeeInvis .   l - +2 battleaxe (vorpal)
rCold    . . .     Faith    .   (shield currently unavailable)
rNeg     . . .     Spirit   .   a - +0 robe
rPois    .         Reflect  .   (helmet restricted)
rElec    .         Harm     .   (no cloak)
rCorr    .         Rampage  .   (gloves unavailable)
Will     .....                  (boots unavailable)
Stlth    +.........             (no amulet)
HPRegen  1.14/turn              (no ring)
MPRegen  0.09/turn              (no ring)

@: no status effects
A: large, unfitting armour, claws 3, regeneration 1, screaming 1, shaggy fur 1,
tough skin 1
a: Renounce Religion


You were on level 3 of the Dungeon.
You worshipped Ru.
Ru was noncommittal.
You visited 1 branch of the dungeon, and saw 3 of its levels.

You collected 137 gold pieces.

Inventory:

Hand Weapons
 i - a +5 club
 l - a +2 vorpal battleaxe (weapon)
 m - a +2 dagger of draining
Missiles
 c - 5 boomerangs of dispersal (quivered)
 d - 132 stones
 n - 6 poisoned darts
 o - 6 datura-tipped darts
Armour
 a - a +0 robe (worn)
Jewellery
 f - a ring of flight
Scrolls
 b - 2 scrolls of blinking
 e - 3 scrolls of identify {unknown}
 j - 2 scrolls of teleportation {unknown}
Potions
 g - a potion of brilliance {unknown}
 h - 2 potions of curing {unknown}
 k - a potion of lignification {unknown}
 p - a potion of degeneration {unknown}


   Skills:
 + Level 2.3 Fighting
 + Level 1.9 Throwing
 + Level 2.4 Dodging
 + Level 2.6 Unarmed Combat
 + Level 1.6 Spellcasting
 + Level 2.5 Translocations


You had 6 spell levels left.
You didn't know any spells.
Your spell library contained the following spells:

 Spells                   Type           Power      Damage    Failure   Level
 Blink                    Tloc           N/A        N/A       17%         2
 Gell's Gravitas          Tloc           3%         N/A       32%         3
 Lesser Beckoning         Tloc           3%         N/A       32%         3
 Teleport Other           Tloc           6%         N/A       32%         3
 Manifold Assault         Tloc           6%         N/A       97%         5


Dungeon Overview and Level Annotations

Branches:
Dungeon (3/15)

Altars:
Ru

Annotations:
D:3 Crazy Yiuf


Innate Abilities, Weirdness & Mutations

You are too large for most types of armour.
You have claws for hands.
Your natural rate of healing is unusually fast.
You occasionally shout uncontrollably at your foes.
You are covered in fur. (AC +1)
You have tough skin. (AC +1)


Message History

Found a stone staircase leading down.
Found a chain mail.
No target in view!
You see here a +0 chain mail.
There is a stone staircase leading down here.
Found a fizzy orange potion.
p - a fizzy orange potion An adder comes into view.
The adder hisses angrily.
An adder is nearby!
You slash the adder!
You kill the adder!
No target in view!
No target in view!
No target in view!
No target in view!
No target in view!
No target in view!
No target in view!
No target in view!
No target in view!
No target in view!
No target in view!
No target in view!
Found a mace.
Found a runed translucent door.
Crazy Yiuf shouts!
You open the door. You hit Crazy Yiuf but do no damage.
Crazy Yiuf hits you with a +3 quarterstaff of chaos!
You feel your power leaking away. Crazy Yiuf closely misses you.
You hit Crazy Yiuf.
Crazy Yiuf is lightly wounded.
Crazy Yiuf hits you with a +3 quarterstaff of chaos!
You feel your power leaking away.
Crazy Yiuf hits you with a +3 quarterstaff of chaos!
You barely miss Crazy Yiuf.
Crazy Yiuf is lightly wounded.
Crazy Yiuf hits you with a +3 quarterstaff of chaos!
You die...

# ####.#.......###
#..# ###....###...###
#..# ....#..###...#
#..# ###......#####
#### # ####...# #####
♣♣♣♣♣### ###
♣♣♣.♣....########
#####
#...#♣..♣..P..........
....#
#...g@♣♣♣♣.P....######
###.# #)..#♣♣ ♣♣P....#
#.# ### ♣♣###.## #.#
#...# #.###### ##..#
#......##############
#..#
######..............#
#..#####
#########.######
#....... #.# #.######


You could see Crazy Yiuf.

Vanquished Creatures
  Jessica (D:2)
  Terence (D:3)
  2 adders
  A dart slug (D:2)
  An orc (D:3)
  4 ball pythons
  3 bats
  9 endoplasms
  2 giant cockroaches
  7 goblins
  6 hobgoblins
  2 quokkas
  A frilled lizard (D:3)
  6 kobolds
  3 rats
  A spectral goblin (D:2)
50 creatures vanquished.

Notes
Turn   | Place    | Note
-------+----------+-------------------------------------------
     0 | D:1      | Descartes the Troll Warper began the quest for the Orb.
     0 | D:1      | Reached XP level 1. HP: 19/19 MP: 1/1
    72 | D:1      | Reached skill level 1 in Throwing
    79 | D:1      | Reached XP level 2. HP: 28/28 MP: 3/3
   650 | D:2      | Noticed Jessica
   658 | D:2      | Killed Jessica
   659 | D:2      | Reached XP level 3. HP: 29/35 MP: 4/4
   857 | D:2      | Reached XP level 4. HP: 37/42 MP: 5/5
  1067 | D:2      | Found a faded altar of an unknown god.
  1082 | D:2      | Became a worshipper of Ru the Awakened
  1098 | D:2      | Gained mutation: You occasionally shout uncontrollably at
                  | your foes. [Ru sacrifice]
  1490 | D:3      | Noticed Terence
  1496 | D:3      | Killed Terence
  1872 | D:3      | Found a runed translucent door.
  1873 | D:3      | Noticed Crazy Yiuf
  1879 | D:3      | Slain by Crazy Yiuf

Illustrated notes

Levels and vault maps discovered:
D:1:      minmay_arrival_pointy, layout_basic, kennysheep_pointless_box,
          st_stairs_1
D:2:      layout_basic, dreamdust_ecumenical_altar_drowned_temple, uniq_jessica
D:3:      layout_loops_ring, uniq_crazy_yiuf_cottage, uniq_terence

Skill      XL: |  1  2 |
---------------+-------+-----
Throwing       | 1 |  1.9
Dodging        | 2 |  2.4
Fighting       | 2 |  2.3
Unarmed Combat | |  2.6
Spellcasting   | |  1.6
Translocations | |  2.5

Action                   |  1- 3 |  4- 6 || total
-------------------------+-------+-------++-------
Melee: Unarmed           |    62 |       ||    62
       Battleaxe         |    10 |    49 ||    59
Invok: Sacrifice Purity  |       |     1 ||     1
 Stab: Sleeping          |       |     1 ||     1
Armor: Robe              |    24 |    16 ||    40
Dodge: Dodged            |    23 |    28 ||    51
